 Dungeon Crawl Stone Soup version 0.26-a0-1040-gbe3abf3417 (webtiles) character file.

Game seed: 11243377986413844986

138 Dracia the Chiller (level 5, -7/35 HPs)
             Began as a Merfolk Ice Elementalist on Dec 12, 2020.
             Mangled by an orc priest
             ... wielding a +0 flail of holy wrath
              (9 damage)
             ... on level 4 of the Dungeon.
             The game lasted 00:04:29 (4171 turns).

Dracia the Chiller (Merfolk Ice Elementalist)       Turns: 4171, Time: 00:04:30

Health: -7/35      AC:  2    Str:  8    XL:     5   Next: 21%
Magic:  4/8        EV: 13    Int: 15    God:
Gold:   185        SH:  5    Dex: 15    Spells: 1/8 levels left

rFire    . . .     SeeInvis .   o - +1 dagger (flame)
rCold    . . .     Faith    .   (no shield)
rNeg     . . .     Spirit   .   a - +0 robe
rPois    .         Reflect  +   (no helmet)
rElec    .         Harm     .   (no cloak)
rCorr    .         Rampage  .   q - -1 pair of gloves (curse)
Will     .....                  (no boots)
Stlth    ++........             r - amulet of reflection
HPRegen  0.11/turn              (no ring)
MPRegen  0.11/turn              (no ring)

@: frozen ramparts
A: change form in water, swift swim, stealthy swim
a: no special abilities


You were on level 4 of the Dungeon.
You visited 1 branch of the dungeon, and saw 4 of its levels.

You collected 185 gold pieces.


   Skills:
 - Level 2.6 Dodging
 - Level 2.1 Stealth
 - Level 2.0 Spellcasting
 + Level 7.0 Ice Magic


You had one spell level left.
You knew the following spells:

 Your Spells              Type           Power        Failure   Level
o - Ozocubu's Armour      Ice            ###.....     3%          3
r - Frozen Ramparts       Ice            ###...       3%          3
z - Freeze                Ice            ###.         1%          1

Your spell library contained the following spells:

 Spells                   Type           Power        Failure   Level
 Hailstorm                Conj/Ice       ##......     45%         4
 Summon Ice Beast         Ice/Summ       ##......     45%         4

Inventory:

Hand Weapons
 m - a +2 dagger of protection
 o - a +1 dagger of flaming (weapon)
Missiles
 i - 5 poisoned darts
 j - 6 curare-tipped darts {=f=f}
Armour
 a - a +0 robe (worn)
 q - a cursed -1 pair of gloves (worn)
Jewellery
 r - an amulet of reflection (around neck)
Scrolls
 d - 2 scrolls of remove curse {unknown}
 h - 3 scrolls of enchant weapon {unknown}
 k - 2 scrolls of teleportation {unknown}
 l - 2 scrolls of identify {unknown}
 n - a scroll of immolation {unknown}
 p - a scroll of amnesia {unknown}
 t - a scroll of noise {unknown}
Potions
 b - a potion of flight {unknown}
 c - a potion of heal wounds {unknown}
 e - a potion of cancellation {unknown}
 f - a potion of ambrosia {unknown}
 g - a potion of attraction {unknown}
 s - a potion of brilliance {unknown}

Dungeon Overview and Level Annotations

Branches:
Dungeon (4/15)
 Temple: D:4-7

Altars:

#..........#
..........#
##.......)..
#..........#
#..........!
#...........
####..........#
#...)o.<......#
#....@.......##
#....<......##
#........####
#..........
#........###
#........#
#........#
#........#


You could see an orc priest.


Message History

The orc priest hits you with a +0 flail of holy wrath!
The wall freezes the orc wizard.
The orc wizard points at you and mumbles some strange words.
The puff of frost hits you!
* * * LOW HITPOINT WARNING * * *
You are too injured to fight recklessly!
You are too injured to fight recklessly!
Unknown command.
You hit the orc priest. You burn the orc priest.
The orc priest is moderately wounded.
The wall freezes the orc priest.
The orc priest hits you with a +0 flail of holy wrath.
* * * LOW HITPOINT WARNING * * *
The wall freezes the orc wizard.
The orc wizard hits you but does no damage.
The wall freezes the orc wizard.
The orc wizard casts a spell at you. The magic dart hits you.
* * * LOW HITPOINT WARNING * * *
The wall freezes the orc priest.
Unknown command.
Casting: Frozen Ramparts (dangerous; 3% risk of failure)
Confirm with . or Enter, or press ? or * to list all spells.
Aiming: Freeze (safe; 1% risk of failure)
Press: ? - help, Shift-Dir - straight line, f - orc wizard
Aim: an orc wizard, wielding a +0 dagger and wearing a +0 robe (severely wounded)
You freeze the orc wizard.
You kill the orc wizard!
The orc priest hits you with a +0 flail of holy wrath!
You die...

Skill      XL: |  1  2  3  4 |
---------------+-------------+-----
Ice Magic      | 5 6 7 |  7.0
Dodging        | |  2.6
Stealth        | |  2.1
Spellcasting   | |  2.0

Action                   |  1- 3 |  4- 6 || total
-------------------------+-------+-------++-------
Melee: Unarmed           |    53 |       ||    53
       Dagger            |    43 |    70 ||   113
 Cast: Freeze            |    48 |    27 ||    75
       Frozen Ramparts   |       |     2 ||     2
 Stab: Sleeping          |     3 |     1 ||     4
Armor: Robe              |    19 |    23 ||    42
Dodge: Dodged            |    93 |    58 ||   151
Block: Other             |       |     5 ||     5

Levels and vault maps discovered:
D:1:      dpeg_arrival_subterranean_lakeside_camping, layout_loops_ring
D:2:      layout_loops_ring, serial_bayou, serial_bayou_lagoon_a,
          serial_bayou_pond_d, serial_bayou_crossing, serial_bayou_shore_a,
          guppyfry_early_orc_mine
D:3:      layout_loops_ring, minivault_14
D:4:      layout_rooms, uniq_blork_the_orc, uniq_edmund

Notes
Turn   | Place    | Note
-------+----------+-------------------------------------------
     0 | D:1      | Dracia the Merfolk Ice Elementalist began the quest for the
                  | Orb.
     0 | D:1      | Reached XP level 1. HP: 13/13 MP: 3/3
   359 | D:1      | Reached XP level 2. HP: 17/19 MP: 1/5
   558 | D:1      | Reached skill level 5 in Ice Magic
   973 | D:1      | Reached XP level 3. HP: 7/24 MP: 0/6
  1186 | D:1      | Learned a level 3 spell: Ozocubu's Armour
  1938 | D:2      | Reached skill level 6 in Ice Magic
  2091 | D:2      | Reached XP level 4. HP: 24/30 MP: 7/7
  2192 | D:2      | Learned a level 3 spell: Frozen Ramparts
  4006 | D:3      | Reached skill level 7 in Ice Magic
  4006 | D:3      | Reached XP level 5. HP: 17/35 MP: 2/8
  4170 | D:4      | HP: 1/35 [orc wizard/magic dart (6)]
  4171 | D:4      | Mangled by an orc priest

Vanquished Creatures
  An orc priest (D:3)
  An orc wizard (D:4)
  3 adders
  An ooze (D:3)
  A worm (D:3)
  A dart slug (D:1)
  2 leopard geckos
  6 orcs
  10 goblins
  9 hobgoblins
  5 jackals (D:1)
  3 kobolds
  7 bats
  A frilled lizard (D:2)
  14 rats
65 creatures vanquished.

Vanquished Creatures (others)
  A plant (D:2)
1 creature vanquished.

Grand Total: 66 creatures vanquished

Table legend: (Time is in decaauts)
 A = Elapsed time spent in this place.
 B = Non-inter-level travel time spent in this place.
 C = Inter-level travel time spent in this place.
 D = Time resting spent in this place.
 E = Time spent auto-exploring this place.
 F = Levels seen in this place.
 G = Mean time per level.
                   A        B        C        D        E       F      G
               +--------+--------+--------+--------+--------+-----+--------+
         Total |   4146 |   4108 |     38 |    716 |   2864 |   4 | 1036.5 |
       Dungeon |   4146 |   4108 |     38 |    716 |   2864 |   4 | 1036.5 |
               +--------+--------+--------+--------+--------+-----+--------+

Top non-repeatable levels by time:
     D:1: 1702 daAuts
     D:3: 1329 daAuts
     D:2: 1100 daAuts
     D:4: 14 daAuts

Table legend:
 A = Non-vault XP
 B = Vault XP
 C = Vault XP percentage of total XP
 D = Non-vault monster count
 E = Vault monster count
 F = Vault count percentage of total count
                 A         B        C        D         E       F
            +---------+---------+-------+---------+---------+-------
      Total |     213 |      25 |  10.5 |      52 |      13 |  20.0
            +---------+---------+-------+---------+---------+-------
        D:1 |      41 |       9 |  18.0 |      24 |       6 |  20.0
        D:2 |      40 |      16 |  28.6 |      12 |       7 |  36.8
        D:3 |      92 |       0 |   0.0 |      15 |       0 |   0.0
        D:4 |      40 |       0 |   0.0 |       1 |       0 |   0.0
            +---------+---------+-------+---------+---------+-------
